[Event "Late-Titled-Tuesday-Blitz-January-30-2024"]
[Site "Chess.com"]
[Date "2024.01.30"]
[Round "2"]
[White "kekic76"]
[Black "ahkashefi2800"]
[Result "1/2-1/2"]
[WhiteElo "2377"]
[BlackElo "2574"]
[TimeControl "180+1"]
[EndTime "14:15:14 PST"]
[Termination "Game drawn by repetition"]

1. e4 c6 2. d4 d5 3. Nd2 dxe4 4. Nxe4 Nd7 5. Nf3 Ngf6 6. Nxf6+ Nxf6 7. h3 Bf5 8. Bd3 Bg6 9. O-O e6 10. Bg5 Be7 11.
Bxf6 Bxf6 12. c3 Bh5 13. Be2 O-O 14. Re1 Rc8 15. Qb3 Qc7 16. Rad1 Rfd8 17. Qc4 b5 18. Qc5 Bg6 19. Bd3 Rd5 20. Qa3 Bh5 21. Be4 Rd7 22.
Qc5 Bg6 23. Bxg6 hxg6 24. a4 Rd5 25. Qa3 a6 26. axb5 axb5 27. Ra1 c5 28. dxc5 Qxc5 29. Qxc5 Rcxc5 30. Ra8+ Kh7 31. Ra7 Kg8 32. Ra8+ Kh7 33. Ra7 Kg8 34. Ra8+ 1/2-1/2

[Event "Late-Titled-Tuesday-Blitz-January-30-2024"]
[Site "Chess.com"]
[Date "2024.01.30"]
[Round "2"]
[White "Anar_Aliakbarov"]
[Black "dropstoneDP"]
[Result "1/2-1/2"]
[WhiteElo "2658"]
[BlackElo "3054"]
[TimeControl "180+1"]
[EndTime "14:15:15 PST"]
[Termination "Game drawn by repetition"]

1. d4 d5 2. c4 dxc4 3. Nf3 Nf6 4. e3 e6 5. Bxc4 c5 6. Nc3 Nc6 7. O-O a6 8. dxc5 Qxd1 9. Rxd1 Bxc5 10. a3 O-O 11. b4 Be7 12. Be2 b5 13. Bb2 Bb7 14. Rac1 Rfd8 15. Kf1 Kf8 16. Rxd8+ Rxd8 17. Rd1 Rxd1+ 18.
Nxd1 Nd5 19. Ne5 Nxe5 20. Bxe5 f6 21. Bb2 e5 22. Bf3 Kf7 23. Nc3 Ke6 24. Ke1 Bc6 25.
Kd2 Kd6 26. Ne4+ Ke6 27. Nc3 Kd6 28. Ne4+ Ke6 29. Nc3 1/2-1/2

[Event "Late-Titled-Tuesday-Blitz-January-30-2024"]
[Site "Chess.com"]
[Date "2024.01.30"]
[Round "2"]
[White "manitodeplomo"]
[Black "annacramling"]
[Result "1-0"]
[WhiteElo "2690"]
[BlackElo "2106"]
[TimeControl "180+1"]
[EndTime "14:15:15 PST"]
[Termination "manitodeplomo won by checkmate"]

1. d4 Nf6 2. c4 e6 3. Nf3 d5 4.
Nc3 c6 5. Bg5 Be7 6. e3 O-O 7.
Qc2 Ne4 8. Bxe7 Qxe7 9. Bd3 f5 10.
O-O Nd7 11. Rab1 a5 12. Ne2 Ndf6 13. c5 Bd7 14. b4 axb4 15. Rxb4 Be8 16. Rfb1 Ra7 17.
Qb2 Bh5 18. Rxb7 Rxb7 19. Qxb7 Qxb7 20. Rxb7 Bxf3 21. gxf3 Nd2 22. Kg2 Ra8 23. Nf4 Rxa2 24. Nxe6 Nh5 25. Bxf5 g6 26. Bg4 Nf6 27. Rg7+ Kh8 28.
Rf7 Nxg4 29. Rf8# 1-0

[Event "Late-Titled-Tuesday-Blitz-January-30-2024"]
[Site "Chess.com"]
[Date "2024.01.30"]
[Round "2"]
[White "ATM622"]
[Black "stregachess"]
[Result "1-0"]
[WhiteElo "2467"]
[BlackElo "2122"]
[TimeControl "180+1"]
[EndTime "14:15:15 PST"]
[Termination "ATM622 won by resignation"]

1. d4 Nf6 2. c4 e5 3. dxe5 Ne4 4. Nf3 Bb4+ 5. Bd2 Nxd2 6. Nbxd2 Nc6 7. a3 Bxd2+ 8.
Qxd2 O-O 9. Qc3 a5 10. h4 Re8 11.
h5 h6 12. O-O-O Qe7 13. g4 Nxe5 14. Nxe5 Qxe5 15. Qxe5 Rxe5 16. Rd4 d6 17. Rg1 Bd7 18. Kd2 Rae8 19. e3 Bc6 20. Rg3 R8e7 21. f4 R5e6 22. g5 Kh7 23. Bd3+ Be4 24. f5 Re5 25. f6 gxf6 26.
gxf6 R7e6 27. Rxe4 Rxe4 28. Rg4 1-0

[Event "Late-Titled-Tuesday-Blitz-January-30-2024"]
[Site "Chess.com"]
[Date "2024.01.30"]
[Round "2"]
[White "jinxy2009"]
[Black "subham777"]
[Result "0-1"]
[WhiteElo "2205"]
[BlackElo "2495"]
[TimeControl "180+1"]
[EndTime "14:15:16 PST"]
[Termination "subham777 won by resignation"]

1. e4 e6 2. d4 d5 3. e5 c5 4. c3 Nc6 5. Nf3 Qb6 6. Bd3 cxd4 7. O-O Bd7 8. Re1 Nge7 9. h4 g6 10. Na3 a6 11. c4 Na5 12. b4 Qxb4 13. Rb1 Qc5 14.
Qe2 Rc8 15. cxd5 Nxd5 16. Nc2 Nc3 0-1

[Event "Late-Titled-Tuesday-Blitz-January-30-2024"]
[Site "Chess.com"]
[Date "2024.01.30"]
[Round "2"]
[White "Boninknights"]
[Black "ElCoachRene"]
[Result "1-0"]
[WhiteElo "2426"]
[BlackElo "1944"]
[TimeControl "180+1"]
[EndTime "14:15:21 PST"]
[Termination "Boninknights won by checkmate"]

1. b3 d5 2. e3 Bf5 3. Bb2 e6 4. Nf3 Nd7 5. Be2 Ngf6 6. O-O h6 7. Ne5 Bd6 8. f4 Qe7 9. d3 O-O 10. Nd2 Ba3 11. Bxa3 Qxa3 12. Rf3 a5 13. Nxd7 Nxd7 14.
e4 Bg4 15. Rg3 Bxe2 16. Qxe2 Qc5+ 17. Kh1 Qxc2 18. exd5 exd5 19. Qg4 Qc3 20. Rf1 f5 21. Qg6 Rf6 22. Qxg7# 1-0

[Event "Late-Titled-Tuesday-Blitz-January-30-2024"]
[Site "Chess.com"]
[Date "2024.01.30"]
[Round "2"]
[White "tgpgoat"]
[Black "Charodej1"]
[Result "1-0"]
[WhiteElo "2533"]
[BlackElo "2304"]
[TimeControl "180+1"]
[EndTime "14:15:25 PST"]
[Termination "tgpgoat won by resignation"]

1. Nf3 d5 2. b3 Nf6 3. Bb2 g6 4. e3 Bg7 5. Be2 O-O 6. O-O c5 7. c4 Nc6 8. cxd5 Qxd5 9. Nc3 Qd8 10. d4 cxd4 11. exd4 Nb4 12. Ne5 Nbd5 13. Bf3 Nxc3 14. Bxc3 Nd5 15. Bb2 Be6 16. Re1 Rc8 17. Rc1 Rxc1 18.
Qxc1 Qb8 19. Bxd5 Bxd5 20. Nd7 Qd6 21. Nxf8 Bxf8 22. Qc5 Qxc5 23. dxc5 e6 24. b4 Bxa2 25. Ra1 Bd5 26. Rxa7 f5 27. Ra8 Kf7 28. Rc8 Be7 29.
b5 1-0

[Event "Late-Titled-Tuesday-Blitz-January-30-2024"]
[Site "Chess.com"]
[Date "2024.01.30"]
[Round "2"]
[White "Fernando_Offermann"]
[Black "shirovin"]
[Result "1-0"]
[WhiteElo "2458"]
[BlackElo "2049"]
[TimeControl "180+1"]
[EndTime "14:15:26 PST"]
[Termination "Fernando_Offermann won by resignation"]

1. Nf3 Nf6 2. g3 d6 3. Bg2 e5 4.
O-O g6 5. c4 Bg7 6. d4 Nbd7 7.
Nc3 O-O 8. e4 exd4 9. Nxd4 Re8 10. Re1 Nc5 11. h3 a5 12. Bf4 Bd7 13. Qd2 Rb8 14. g4 Ne6 15. Nxe6 Bxe6 16. b3 Qd7 17.
Rad1 b6 18. Nb5 Rbd8 19. f3 h5 20. Bg5 Rb8 21. Qc1 hxg4 22. hxg4 Nh7 23. Bf4 Qe7 24. Nd4 Bd7 25. Qd2 Rbd8 26. Nc2 Qh4 27.
Be3 Be5 28. Bf2 Bg3 29. Bxg3 Qxg3 30. Qf2 Qf4 31. Ne3 Ng5 32. Nd5 Nxf3+ 33. Qxf3 Qxg4 34.
Nf6+ 1-0

[Event "Late-Titled-Tuesday-Blitz-January-30-2024"]
[Site "Chess.com"]
[Date "2024.01.30"]
[Round "2"]
[White "DraningWaterHi"]
[Black "GiorgianBarbosa"]
[Result "0-1"]
[WhiteElo "2098"]
[BlackElo "2463"]
[TimeControl "180+1"]
[EndTime "14:15:29 PST"]
[Termination "GiorgianBarbosa won by resignation"]

1. d4 Nf6 2. c4 g6 3. g3 Bg7 4. Bg2 O-O 5. Nc3 d6 6. Nf3 Nbd7 7. O-O e5 8. e4 c6 9. h3 Re8 10. Re1 a5 11. Be3 exd4 12. Nxd4 Nc5 13. Qc2 a4 14.
Rad1 Qa5 15. Bf4 Ne6 16. Bxd6 Nxd4 17. Rxd4 Nd7 18. Rdd1 a3 19. e5 axb2 20. Qxb2 Nxe5 21. f4 Nf3+ 22. Bxf3 Rxe1+ 23. Rxe1 Bxc3 24. Re8+ Kg7 25. Qxc3+ Qxc3 26. Be5+ Qxe5 27. fxe5 Ra3 28. Rxc8 Rxf3 29. Rc7 Rxg3+ 30. Kh2 Re3 31. Rxb7 Rxe5 32. Rb6 Re2+ 33.
Kg3 Rxa2 34. Rxc6 Rc2 35. Rc7 g5 36. Kg4 Kg6 37. Rc6+ f6 38. c5 Rc3 0-1

[Event "Late-Titled-Tuesday-Blitz-January-30-2024"]
[Site "Chess.com"]
[Date "2024.01.30"]
[Round "2"]
[White "alexrustemov"]
[Black "Smile2005"]
[Result "1-0"]
[WhiteElo "2775"]
[BlackElo "2448"]
[TimeControl "180+1"]
[EndTime "14:15:32 PST"]
[Termination "alexrustemov won by resignation"]

1. d4 Nf6 2. c4 e6 3. Nf3 d5 4. Nc3 Nbd7 5. Bg5 c6 6. e3 Be7 7. Qc2 Nh5 8. Bxe7 Qxe7 9. Be2 g6 10. O-O O-O 11. Rac1 Ng7 12. Rfd1 Re8 13. a3 a5 14. h3 Nf5 15. Bd3 Nh4 16. Nxh4 Qxh4 17. e4 dxc4 18.
Bxc4 e5 19. d5 Nf6 20. dxc6 bxc6 21. Rd6 Nh5 22. Ne2 Bxh3 23. gxh3 Qxh3 24. Qb3 Qg4+ 25. Ng3 Nf4 26. Bxf7+ Kh8 27. Bxe8 Ne2+ 28. Kf1 Nxc1 29. Qf7 Rxe8 30. Qxe8+ Kg7 31. Qd7+ Qxd7 32. Rxd7+ 1-0

[Event "Late-Titled-Tuesday-Blitz-January-30-2024"]
[Site "Chess.com"]
[Date "2024.01.30"]
[Round "2"]
[White "IngOscarArdila"]
[Black "aistrel"]
[Result "0-1"]
[WhiteElo "2340"]
[BlackElo "2543"]
[TimeControl "180+1"]
[EndTime "14:15:34 PST"]
[Termination "aistrel won by resignation"]

1. d4 d5 2. c4 e6 3. Nc3 c6 4.
Nf3 dxc4 5. a4 Bb4 6. Ne5 b5 7.
e3 Bb7 8. Bd2 a6 9. b3 cxb3 10.
Qxb3 Bd6 11. f4 Nd7 12. axb5 cxb5 13. Kf2 Ngf6 14. h3 O-O 15. Rg1 Bxe5 16. fxe5 Ne4+ 17. Nxe4 Bxe4 18. Bb4 Re8 19. Bd6 Nb6 20. g3 Bd5 21. Qb4 Nc4 22. Bg2 Nxd6 23. Qxd6 Qxd6 24. exd6 Bxg2 25.
Rxg2 Red8 26. Kf3 Rxd6 27. Rga2 Kf8 28. Ke4 Ke7 29. g4 Kd7 30. h4 f6 31. Rc1 Rc6 32. Rac2 Rxc2 33. Rxc2 a5 34. d5 a4 35. dxe6+ Kxe6 36. Rc6+ Kd7 37. Rb6 a3 38. Rb7+ Kc6 0-1

[Event "Late-Titled-Tuesday-Blitz-January-30-2024"]
[Site "Chess.com"]
[Date "2024.01.30"]
[Round "2"]
[White "LittleChessFan"]
[Black "Zq1"]
[Result "0-1"]
[WhiteElo "2254"]
[BlackElo "2510"]
[TimeControl "180+1"]
[EndTime "14:15:38 PST"]
[Termination "Zq1 won by resignation"]

1. d4 Nf6 2. c4 a6 3. g3 c5 4. d5 b5 5. cxb5 axb5 6. Bg2 d6 7.
Nf3 g6 8. O-O Bg7 9. Re1 O-O 10.
e4 Bg4 11. h3 Bxf3 12. Bxf3 Nbd7 13. Qc2 c4 14. Nc3 Ne5 15. Bg2 b4 16. Nd1 b3 17. Qb1 Nd3 18. Re3 Rxa2 19. Nc3 Rxa1 20. Qxa1 Qa8 21. Qb1 Nd7 22. Bf1 N7c5 23. Bxd3 Nxd3 24. Kg2 Bxc3 25. bxc3 Qa2 26. Qxa2 bxa2 27. Bb2 Nxb2 28. Re1 Ra8 29. Ra1 Nd3 30. Kf3 Nc1 31. Rxa2 Nxa2 0-1

[Event "Late-Titled-Tuesday-Blitz-January-30-2024"]
[Site "Chess.com"]
[Date "2024.01.30"]
[Round "2"]
[White "Vladimir_2020"]
[Black "Eloist"]
[Result "1-0"]
[WhiteElo "2736"]
[BlackElo "2444"]
[TimeControl "180+1"]
[EndTime "14:15:39 PST"]
[Termination "Vladimir_2020 won by checkmate"]

1. Nf3 Nf6 2. g3 b6 3. Bg2 Bb7 4. c4 e6 5. O-O Be7 6. Nc3 O-O 7. d4 Ne4 8. Bd2 f5 9. Rc1 Bf6 10. Be1 d6 11. d5 Nxc3 12. Bxc3 e5 13. e4 fxe4 14.
Nd2 Bg5 15. Qe2 Nd7 16. Rce1 Nc5 17. Nxe4 Nxe4 18. Bxe4 Bc8 19. Qh5 g6 20. Bxg6 hxg6 21.
Qxg6+ Kh8 22. f4 Bh3 23. Qh5+ Kg8 24. Qxh3 exf4 25. Qh8+ Kf7 26. Qg7# 1-0

[Event "Late-Titled-Tuesday-Blitz-January-30-2024"]
[Site "Chess.com"]
[Date "2024.01.30"]
[Round "2"]
[White "nikitadovbnya2008"]
[Black "Sandpacer"]
[Result "0-1"]
[WhiteElo "2100"]
[BlackElo "2465"]
[TimeControl "180+1"]
[EndTime "14:15:39 PST"]
[Termination "Sandpacer won by resignation"]

1. d4 f5 2. Nc3 Nf6 3. Bg5 g6 4. h4 Bg7 5. h5 Nxh5 6. Rxh5 gxh5 7. e4 O-O 8. Qxh5 Qe8 9. Qh2 d6 10. Bc4+ e6 11. exf5 Rxf5 12. Be3 Qh5 13. Nh3 Nc6 14. Bd3 Rf7 15. Qg3 Kh8 16. Ne2 e5 17. d5 Nb4 18. Be4 Bxh3 19. gxh3 Rg8 20. Qh2 Qh4 21. Ng3 Bh6 22. Bxh6 Qxh6 23. c3 Na6 24. Nf5 Qh5 25. f3 Nc5 26. O-O-O Rxf5 27. Bxf5 Qxf5 0-1

[Event "Late-Titled-Tuesday-Blitz-January-30-2024"]
[Site "Chess.com"]
[Date "2024.01.30"]
[Round "2"]
[White "GoldenShare"]
[Black "Byniolus"]
[Result "0-1"]
[WhiteElo "2569"]
[BlackElo "2851"]
[TimeControl "180+1"]
[EndTime "14:15:41 PST"]
[Termination "Byniolus won by resignation"]

1. e4 d6 2. d4 Nf6 3. Nc3 c6 4. f4 Qb6 5. Nf3 Bg4 6. e5 Nd5 7. Be2 Nxc3 8. bxc3 e6 9. O-O Nd7 10. Kh1 Be7 11. a4 O-O 12. a5 Qc7 13. Qe1 c5 14.
Qg3 Bf5 15. Be3 Bxc2 16. Nh4 Be4 17. f5 Bxh4 18. Qxh4 Bxf5 19. Qg3 dxe5 20. Rxf5 exf5 21. Bh6 g6 22. Bc4 cxd4 0-1

[Event "Late-Titled-Tuesday-Blitz-January-30-2024"]
[Site "Chess.com"]
[Date "2024.01.30"]
[Round "2"]
[White "Sebastian"]
[Black "KChor05"]
[Result "1-0"]
[WhiteElo "2948"]
[BlackElo "2612"]
[TimeControl "180+1"]
[EndTime "14:15:45 PST"]
[Termination "Sebastian won by resignation"]

1. e4 c5 2. Nf3 Nc6 3. d4 cxd4 4.
Nxd4 g6 5. c4 Bg7 6. Be3 Nf6 7.
Nc3 O-O 8. Be2 d6 9. f3 Bd7 10.
Qd2 Nxd4 11. Bxd4 a5 12. O-O-O Rc8 13. Kb1 a4 14. a3 Be6 15. Nd5 Bxd5 16. cxd5 Nd7 17.
Bxg7 Kxg7 18. h4 h6 19. Bb5 Ne5 20. f4 Ng4 21. Qd4+ f6 22. Be2 h5 23. Bxg4 hxg4 24. h5 Qc7 25. Rc1 Qa5 26. hxg6 Rxc1+ 27. Rxc1 Kxg6 28.
e5 f5 29. Rd1 Rc8 30. exd6 exd6 31. Qe3 1-0

[Event "Late-Titled-Tuesday-Blitz-January-30-2024"]
[Site "Chess.com"]
[Date "2024.01.30"]
[Round "2"]
[White "GHANDEEVAM2003"]
[Black "djano"]
[Result "1-0"]
[WhiteElo "3035"]
[BlackElo "2633"]
[TimeControl "180+1"]
[EndTime "14:15:47 PST"]
[Termination "GHANDEEVAM2003 won by resignation"]

1. c4 e6 2. g3 d5 3. Bg2 Nf6 4. Nf3 c5 5. O-O Nc6 6. cxd5 exd5 7. d4 c4 8. Nc3 Be7 9. Bg5 O-O 10. b3 cxb3 11.
Qxb3 Na5 12. Qb5 a6 13. Qd3 Be6 14. Ne5 Rc8 15. a4 Qc7 16. Rac1 Qd6 17. Bf4 Qa3 18. Bd2 Nb3 19. Rc2 Nxd2 20. Qxd2 Bb4 21. Rfc1 Ne4 22. Bxe4 dxe4 23. d5 Rfd8 24. Qf4 Rxc3 25. dxe6 f6 26. Nc4 Qb3 27. Rxc3 Bxc3 28. e7 Re8 29. Qxe4 Bb4 30. Qe6+ Kh8 31. Qd7 1-0

[Event "Late-Titled-Tuesday-Blitz-January-30-2024"]
[Site "Chess.com"]
[Date "2024.01.30"]
[Round "2"]
[White "SantoBlue"]
[Black "Tomytoteph"]
[Result "1-0"]
[WhiteElo "2982"]
[BlackElo "2617"]
[TimeControl "180+1"]
[EndTime "14:15:49 PST"]
[Termination "SantoBlue won by checkmate"]

1. e4 c5 2. Nf3 g6 3. g3 Bg7 4.
Bg2 Nc6 5. O-O d6 6. c3 e5 7.
Na3 Nge7 8. Nc2 f5 9. exf5 Nxf5 10. d4 cxd4 11. cxd4 Ncxd4 12. Ncxd4 Nxd4 13. Nxd4 exd4 14. Re1+ Kf8 15. h4 h6 16. Bd5 Qf6 17. Qb3 g5 18. Bd2 gxh4 19. Rac1 hxg3 20. fxg3 Qg6 21. Rf1+ Ke7 22.
Rf7+ Kd8 23. Ba5+ b6 24. Bxb6+ axb6 25. Qxb6+ Ke8 26. Rxc8+ Rxc8 27. Qb5+ Kd8 28. Qd7# 1-0

[Event "Late-Titled-Tuesday-Blitz-January-30-2024"]
[Site "Chess.com"]
[Date "2024.01.30"]
[Round "2"]
[White "OneTrickPony_82"]
[Black "Doudou2015"]
[Result "1-0"]
[WhiteElo "2499"]
[BlackElo "2213"]
[TimeControl "180+1"]
[EndTime "14:15:51 PST"]
[Termination "OneTrickPony_82 won by checkmate"]

1. d4 d5 2. c4 e6 3. Nf3 c6 4. e3 f5 5. Be2 Nf6 6. O-O Bd6 7. b3 O-O 8. Ba3 h6 9. Bxd6 Qxd6 10.
Qc2 Nbd7 11. Qb2 g5 12. Nbd2 Ne4 13. Rad1 Qc7 14. Nxe4 fxe4 15. Ne5 Nxe5 16. dxe5 Rf5 17. f4 exf3 18. Rxf3 Qxe5 19. Qxe5 Rxe5 20. Bd3 Bd7 21. Rdf1 Re8 22. Rf7 Bc8 23. Rc7 Rxe3 24. Bg6 Rd8 25. Rf6 dxc4 26. Bf7+ Kg7 27. Rg6+ Kf8 28.
Rg8# 1-0

[Event "Late-Titled-Tuesday-Blitz-January-30-2024"]
[Site "Chess.com"]
[Date "2024.01.30"]
[Round "2"]
[White "Rafael_Ventura"]
[Black "temiksmozg"]
[Result "0-1"]
[WhiteElo "2379"]
[BlackElo "2620"]
[TimeControl "180+1"]
[EndTime "14:15:53 PST"]
[Termination "temiksmozg won by resignation"]

1. d4 d5 2. c4 e6 3. Nc3 Nf6 4. cxd5 exd5 5. Bg5 Be7 6. e3 h6 7. Bh4 Bg4 8. Qc2 Nbd7 9. Bd3 O-O 10. f3 Be6 11. Nge2 c5 12. O-O Rc8 13. Rad1 cxd4 14.
Nxd4 Bc5 15. Bf2 Bxd4 16. exd4 Nb6 17. Rfe1 a6 18. b3 Qd7 19. Rc1 Rc6 20. Qd2 Rfc8 21. Ne2 Bf5 22. Bg3 Bxd3 23. Qxd3 Rxc1 24. Rxc1 Rxc1+ 25. Nxc1 Qe6 26. Ne2 Nbd7 27. h3 Qc6 28. Qc3 Qxc3 29. Nxc3 Kf8 30. Bd6+ Ke8 31. Kf2 Kd8 32.
g4 Ne8 33. Bf4 Ndf6 34. Be5 Kd7 35. h4 Ke6 36. g5 hxg5 37. hxg5 Nd7 38. Bg3 g6 39. Ke3 Ng7 40. Bf2 Nf5+ 41. Kd3 b5 42. a4 b4 43. Ne2 Kd6 44. a5 Kc6 45. Nf4 Ne7 46. Kc2 Kb5 47. Be1 Nf8 48. Nd3 Nc6 49. Bf2 Ne6 50. Kb2 Nxg5 51. f4 Ne6 52. Ne5 Nxe5 53. fxe5 Kxa5 54. Kc2 Kb5 55. Kd3 a5 56. Be3 a4 57. bxa4+ Kxa4 58. Kc2 g5 59. Kb2 g4 60. Bg1 g3 61. Be3 g2 62. Bg1 Nf4 63. Bf2 Nh3 0-1

[Event "Late-Titled-Tuesday-Blitz-January-30-2024"]
[Site "Chess.com"]
[Date "2024.01.30"]
[Round "2"]
[White "GP9isback23"]
[Black "Polish_fighter3000"]
[Result "0-1"]
[WhiteElo "2638"]
[BlackElo "3043"]
[TimeControl "180+1"]
[EndTime "14:15:54 PST"]
[Termination "Polish_fighter3000 won by resignation"]

1. d4 Nf6 2. Nf3 g6 3. e3 b6 4. Be2 Bb7 5. O-O Bg7 6. b3 O-O 7. Bb2 c5 8. c4 e6 9. Nc3 Qe7 10. Rc1 Na6 11. Qd2 Rfd8 12. Rfd1 d6 13. a3 h5 14. Qc2 Rac8 15. Qb1 cxd4 16. Nxd4 Nc5 17. b4 Nce4 18. Nxe4 Bxe4 19. Qa1 a6 20. Bf3 e5 21. Bxe4 Nxe4 22. Nf3 Qe6 23. Qb1 Rxc4 24. Rxc4 Qxc4 25. Bxe5 Bxe5 26. Nxe5 Qe2 27. Nd3 Nc3 0-1

[Event "Late-Titled-Tuesday-Blitz-January-30-2024"]
[Site "Chess.com"]
[Date "2024.01.30"]
[Round "2"]
[White "Alex_Banzea"]
[Black "Zhigalko_Sergei"]
[Result "0-1"]
[WhiteElo "2601"]
[BlackElo "2927"]
[TimeControl "180+1"]
[EndTime "14:15:57 PST"]
[Termination "Zhigalko_Sergei won by resignation"]

1. d4 Nf6 2. Nc3 d5 3. Bf4 a6 4. e3 c5 5. dxc5 Nc6 6. a3 e5 7. Bg5 Be6 8. b4 d4 9. exd4 exd4 10. Ne4 Be7 11. Bxf6 gxf6 12. Bd3 Rg8 13. Nf3 Qd5 14. c4 dxc3 15. Nxc3 Qh5 16. Be4 Rxg2 17. Nd4 Qe5 18. Nxc6 Qxc3+ 19. Kf1 Rg5 20. f4 Rg4 21. Nxe7 Rxf4+ 22. Ke2 Bg4+ 0-1

[Event "Late-Titled-Tuesday-Blitz-January-30-2024"]
[Site "Chess.com"]
[Date "2024.01.30"]
[Round "2"]
[White "Lion_DL"]
[Black "Siemba"]
[Result "0-1"]
[WhiteElo "2345"]
[BlackElo "2545"]
[TimeControl "180+1"]
[EndTime "14:15:58 PST"]
[Termination "Siemba won by resignation"]

1. d4 d5 2. c4 dxc4 3. e3 Nf6 4. Nf3 a6 5. Bxc4 e6 6. Bd3 c5 7. O-O Nc6 8. Nc3 b5 9. Ne4 c4 10. Nxf6+ gxf6 11. Be4 Bb7 12. d5 Ne5 13. Nxe5 fxe5 14. Qh5 exd5 15. Qxe5+ Qe7 16. Qxh8 Qxe4 17. f3 Qg6 18. Qe5+ Be7 19. b3 Kd7 20. e4 Bf6 21. Qf4 Bxa1 22. exd5 Rg8 23. g3 Qf6 24. bxc4 Qxf4 25.
Bxf4 Bd4+ 26. Kg2 bxc4 27. Rd1 Bc5 28. Rc1 Bxd5 0-1

[Event "Late-Titled-Tuesday-Blitz-January-30-2024"]
[Site "Chess.com"]
[Date "2024.01.30"]
[Round "2"]
[White "rookoco"]
[Black "KorolDimitriy75"]
[Result "1-0"]
[WhiteElo "2605"]
[BlackElo "2371"]
[TimeControl "180+1"]
[EndTime "14:15:59 PST"]
[Termination "rookoco won on time"]

1. Nf3 c5 2. c4 g6 3. d4 cxd4 4.
Nxd4 Bg7 5. Nc3 Nc6 6. e3 Nf6 7. Be2 O-O 8. O-O d6 9. b3 d5 10. Bb2 Nxd4 11. exd4 b6 12. Bf3 Bb7 13. Re1 e6 14. c5 Nd7 15. b4 a5 16. a3 axb4 17. axb4 Rxa1 18. Qxa1 Bxd4 19. cxb6 Qxb6 20. Re2 Bf6 21.
h4 Rc8 22. Rc2 Rc4 23. Nxd5 Bxb2 24. Nxb6 Rxc2 25. Qb1 Rc1+ 26. Qxc1 Bxc1 27. Nxd7 Bxf3 28. gxf3 1-0

[Event "Late-Titled-Tuesday-Blitz-January-30-2024"]
[Site "Chess.com"]
[Date "2024.01.30"]
[Round "2"]
[White "Firouzja2003"]
[Black "IlanSchnaider"]
[Result "1-0"]
[WhiteElo "3138"]
[BlackElo "2673"]
[TimeControl "180+1"]
[EndTime "14:16:02 PST"]
[Termination "Firouzja2003 won by resignation"]

1. d4 d5 2. c4 c6 3. Nf3 Nf6 4. Nc3 e6 5. Qb3 Be7 6. Bg5 O-O 7. e3 Nbd7 8. cxd5 exd5 9. Bd3 Re8 10. O-O Nf8 11. Ne5 Ng6 12. f4 Ng4 13. Bxe7 Qxe7 14.
Rae1 N6xe5 15. fxe5 Qg5 16. Qd1 f6 17. Qf3 Be6 18. h3 fxe5 19. Qg3 e4 20. Bc2 Rf8 21. hxg4 Bxg4 22. Bd1 h5 23. Bxg4 hxg4 24. Ne2 Qh6 25. Rxf8+ Rxf8 26. Rf1 g6 27. Rxf8+ Kxf8 28. Qf4+ Kg7 29. Qxh6+ Kxh6 30. Kf2 1-0

[Event "Late-Titled-Tuesday-Blitz-January-30-2024"]
[Site "Chess.com"]
[Date "2024.01.30"]
[Round "2"]
[White "ArtemDyachuk"]
[Black "elchacal664"]
[Result "0-1"]
[WhiteElo "2625"]
[BlackElo "2405"]
[TimeControl "180+1"]
[EndTime "14:16:02 PST"]
[Termination "elchacal664 won on time"]

1. d4 d5 2. c4 e6 3. Nf3 Nf6 4. g3 c5 5. cxd5 exd5 6. Bg2 Nc6 7. Nc3 cxd4 8. Nxd4 Qb6 9. Nb3 d4 10. Nd5 Nxd5 11.
Bxd5 Bh3 12. Bf4 Bb4+ 13. Bd2 O-O 14. Rc1 Rfe8 15. Bxc6 bxc6 16. Bxb4 Qxb4+ 17. Qd2 Qa4 18. Nxd4 Rad8 19. b4 Re4 20. Rc4 c5 21. Qg5 Rexd4 22. Rxd4 Rxd4 23. f3 Qd1+ 24. Kf2 Qxh1 0-1

[Event "Late-Titled-Tuesday-Blitz-January-30-2024"]
[Site "Chess.com"]
[Date "2024.01.30"]
[Round "2"]
[White "lupta_robin"]
[Black "norwaytoadog"]
[Result "1-0"]
[WhiteElo "2508"]
[BlackElo "2246"]
[TimeControl "180+1"]
[EndTime "14:16:03 PST"]
[Termination "lupta_robin won by checkmate"]

1. c4 e5 2. Nc3 Nf6 3. Nf3 Nc6 4. d4 e4 5. Ne5 d6 6. Nxc6 bxc6 7. g3 Bf5 8. Bg2 h5 9. Bg5 d5 10. cxd5 cxd5 11. Bxf6 gxf6 12. h4 c6 13. e3 Bd6 14.
O-O Qd7 15. Rc1 Bh3 16. Ne2 Bg4 17. Qc2 Bxe2 18. Qxe2 Ke7 19. Kh2 Rag8 20. Bh3 Qc7 21. Rg1 Kf8 22. Qa6 Qb8 23. Rxc6 Qxb2 24. Rxd6 Qxf2+ 25. Rg2 Qxe3 26. Rxf6 Qxd4 27. Qe6 Rg7 28. Rgf2 Rhh7 29.
Qc8+ Ke7 30. Re6+ fxe6 31. Qxe6+ Kd8 32. Rf8+ Kc7 33. Rc8+ Kb7 34. Qc6# 1-0

[Event "Late-Titled-Tuesday-Blitz-January-30-2024"]
[Site "Chess.com"]
[Date "2024.01.30"]
[Round "2"]
[White "reevecanada"]
[Black "cthulhuuu"]
[Result "1-0"]
[WhiteElo "2616"]
[BlackElo "2377"]
[TimeControl "180+1"]
[EndTime "14:16:04 PST"]
[Termination "reevecanada won on time"]

1. e4 d6 2. d4 Nf6 3. Nc3 c6 4.
f3 b5 5. Be3 e5 6. a3 Be7 7. Nge2 O-O 8. g4 Nbd7 9. h4 Bb7 10.
g5 Nh5 11. Bh3 exd4 12. Qxd4 Ne5 13. Bg4 c5 14. Qd1 g6 15. Bxh5 gxh5 16. Nf4 Nc4 17. Bc1 Kh8 18. b3 Qa5 19. Qd3 Ne5 20. Qe3 f5 21.
Bd2 Qd8 22. Ne6 Qe8 23. Nc7 Qf7 24. Nxa8 Bxa8 25. O-O-O b4 26. axb4 cxb4 27. Ne2 a5 28.
Nd4 a4 29. Nxf5 axb3 30. Qxb3 d5 31. Nxe7 Qxe7 32. Bxb4 1-0

[Event "Late-Titled-Tuesday-Blitz-January-30-2024"]
[Site "Chess.com"]
[Date "2024.01.30"]
[Round "2"]
[White "Harsha_Bharathakoti"]
[Black "marcodobrikov"]
[Result "0-1"]
[WhiteElo "2907"]
[BlackElo "2616"]
[TimeControl "180+1"]
[EndTime "14:16:05 PST"]
[Termination "marcodobrikov won by resignation"]

1. Nf3 d5 2. e3 Bg4 3. c4 e6 4. Qb3 Nc6 5. d4 Nf6 6. Nc3 Be7 7. Ne5 Nxe5 8. dxe5 Nd7 9. cxd5 Nxe5 10. f4 Nd7 11. h3 Bh4+ 12. Kd2 Bf5 13. g4 Bg6 14. Bg2 O-O 15.
Rd1 exd5 16. Qxd5 c6 17. Qd6 Nc5 18. Ke2 Qb6 19. f5 Rad8 20. Qf4 Qa6+ 21. Kf3 Rxd1 22. Nxd1 Nd3 23. Qd4 Ne1+ 24. Ke4 Re8+ 0-1

[Event "Late-Titled-Tuesday-Blitz-January-30-2024"]
[Site "Chess.com"]
[Date "2024.01.30"]
[Round "2"]
[White "SmirnovTimofey2000"]
[Black "PoXerStar"]
[Result "0-1"]
[WhiteElo "1944"]
[BlackElo "2426"]
[TimeControl "180+1"]
[EndTime "14:16:06 PST"]
[Termination "PoXerStar won on time"]

1. e4 c5 2. c3 e5 3. d4 cxd4 4. cxd4 exd4 5. Nf3 Bc5 6. Nxd4 Nf6 7. Nc3 O-O 8. Be3 Re8 9. Bd3 d5 10.
Ne6 Bxe6 11. Bxc5 dxe4 12. Bb5 Nbd7 13. Bxd7 Nxd7 14. Be3 Ne5 15. O-O Qh4 16. Qc2 Nf3+ 17. gxf3 exf3 18. Qe4 Qh3 0-1